[Event "*** Titled Tuesday Blitz"]
[Site "Chess.com"]
[Date "2019.05.07"]
[Round "9"]
[White "csati17"]
[Black "tteshan"]
[Result "1-0"]
[WhiteElo "2517"]
[BlackElo "2272"]
[TimeControl "180+2"]
[EndTime "15:04:40 PDT"]
[Termination "csati17 won by resignation"]

1. c4 c5 2. g3 Nc6 3. Bg2 g6 4. Nc3 Bg7 5. e4 e6 6. Nge2 Nge7 7. O-O O-O 8. d3 f5 9. Rb1 fxe4 10. dxe4 a5 11. Nb5 Nd4 12. Nexd4 cxd4 13. Nxd4 d5 14. exd5 exd5 15. cxd5 Nxd5 16. Qb3 Bxd4 17. Bxd5+ Kh8 18.
Bh6 Rf5 19. Bg2 Qf6 20. Rbe1 Bd7 21. Qxb7 Rg8 22. Qxd7 Rxf2 23. Kh1 g5 24. Rxf2 Bxf2 25. Rf1 Qxb2 26. Be4 1-0

[Event "*** Titled Tuesday Blitz"]
[Site "Chess.com"]
[Date "2019.05.07"]
[Round "9"]
[White "Keaton87"]
[Black "LastHeroJr"]
[Result "0-1"]
[WhiteElo "2528"]
[BlackElo "2508"]
[TimeControl "180+2"]
[EndTime "15:04:42 PDT"]
[Termination "LastHeroJr won by resignation"]

1. Nf3 Nf6 2. c4 g6 3. Nc3 Bg7 4. e4 d6 5. d4 O-O 6. Be2 e5 7. dxe5 dxe5 8. Qxd8 Rxd8 9. Bg5 c6 10. Nxe5 Re8 11. f4 h6 12. Bh4 g5 13. fxg5 hxg5 14. Bg3 Nxe4 15. Nxe4 Bxe5 16. Bxe5 Rxe5 17. Nf2 Bf5 18. Kd2 Na6 19. Bd3 Rd8 20. Rhe1 Rxe1 21. Rxe1 Nb4 22. Re3 Nxa2 23. Ke2 Nc1+ 24. Kd2 Nxd3 25.
Nxd3 Kg7 26. Kc3 Rxd3+ 27. Rxd3 Bxd3 28. Kxd3 Kf6 29. Ke4 Ke6 30. h3 f5+ 31. Kd4 b6 32. g3 c5+ 33. Ke3 a6 34. Kf3 b5 35. cxb5 axb5 36.
h4 Kf6 37. Ke2 Kg6 38. Kf3 Kh5 39. hxg5 Kxg5 0-1

[Event "*** Titled Tuesday Blitz"]
[Site "Chess.com"]
[Date "2019.05.07"]
[Round "9"]
[White "IakovUlivar"]
[Black "MFguimaraes"]
[Result "0-1"]
[WhiteElo "2523"]
[BlackElo "2347"]
[TimeControl "180+2"]
[EndTime "15:04:52 PDT"]
[Termination "MFguimaraes won on time"]

1. e4 e5 2. Nf3 Nc6 3. Bc4 Nf6 4. d3 h6 5. O-O d6 6. a4 g5 7. c3 Bg7 8. Na3 Nh5 9. Nc2 g4 10. Nfe1 Nf4 11. Ne3 h5 12. Nd5 Bh6 13. Nxf4 exf4 14. d4 Be6 15. d5 Ne5 16. dxe6 Nxc4 17. exf7+ Kf8 18. Qd4 Ne5 19. Nd3 Bg7 20. Nxe5 Bxe5 21. Qd5 c6 22. Qe6 Qe7 23. Qxe7+ Kxe7 24. f3 Raf8 25.
fxg4 Rxf7 26. gxh5 Rxh5 27. Rf3 d5 28. exd5 cxd5 29. Bd2 d4 30. Re1 Kd6 31. Rfe3 fxe3 32.
cxd4 exd2 0-1

[Event "*** Titled Tuesday Blitz"]
[Site "Chess.com"]
[Date "2019.05.07"]
[Round "9"]
[White "r31415"]
[Black "NateSolon"]
[Result "0-1"]
[WhiteElo "2369"]
[BlackElo "2500"]
[TimeControl "180+2"]
[EndTime "15:04:56 PDT"]
[Termination "NateSolon won by checkmate"]

1. e4 c5 2. Nf3 d6 3. d4 Nf6 4. Nc3 cxd4 5. Nxd4 Nc6 6. g3 g6 7. Bg2 Nxd4 8. Qxd4 Bg7 9. Be3 O-O 10. Qd2 Ng4 11. Bd4 e5 12. Be3 Nxe3 13. Qxe3 f5 14. O-O-O f4 15. Qd3 fxg3 16. fxg3 Rf2 17. Rhg1 Bg4 18.
Rdf1 Bh6+ 19. Kb1 Rd2 20. Qc4+ Kh8 21. Rf7 Rc8 22. Qb3 Be3 23. Re1 Rxg2 24. Nd5 Be6 25. Qxb7 Bxf7 26. Qxf7 Rcxc2 27. Nxe3 Rxb2+ 28. Ka1 Rxa2+ 29. Kb1 Qb6+ 30. Kc1 Ra1# 0-1

[Event "*** Titled Tuesday Blitz"]
[Site "Chess.com"]
[Date "2019.05.07"]
[Round "9"]
[White "Perecke"]
[Black "LarissaSteenbekkers"]
[Result "1-0"]
[WhiteElo "2101"]
[BlackElo "1974"]
[TimeControl "180+2"]
[EndTime "15:04:56 PDT"]
[Termination "Perecke won by checkmate"]

1. e4 e6 2. d4 d5 3. Nc3 Bb4 4. e5 Ne7 5. Bd2 b6 6. a3 Bxc3 7. Bxc3 Ba6 8. Ne2 c5 9. f4 Nbc6 10. g3 Nf5 11. Qd2 Bxe2 12. Bxe2 Nfxd4 13. Bxd4 Nxd4 14. Bd3 Rc8 15. O-O-O Nc6 16. f5 Nxe5 17. fxe6 fxe6 18. Qe3 Qf6 19. Bb5+ Nc6 20. Rhf1 Qh6 21. Rf4 Ke7 22.
Bxc6 Rxc6 23. Rdf1 Kd6 24. Re1 Re8 25. Qe5+ Kd7 26. Kb1 Re7 27. Rf8 Rd6 28. Ref1 Qxh2 29. Rd8+ Kxd8 30. Qxd6+ Ke8 31. Qc6+ Rd7 32. Qc8+ Ke7 33.
Qf8# 1-0

[Event "*** Titled Tuesday Blitz"]
[Site "Chess.com"]
[Date "2019.05.07"]
[Round "9"]
[White "mitrabhaa"]
[Black "severomorskij"]
[Result "1-0"]
[WhiteElo "2694"]
[BlackElo "2766"]
[TimeControl "180+2"]
[EndTime "15:05:07 PDT"]
[Termination "mitrabhaa won by resignation"]

1. Nf3 Nf6 2. d4 d5 3. c4 e6 4. g3 Bb4+ 5. Bd2 Bd6 6. Bg2 O-O 7. O-O c6 8. Qc2 Nbd7 9. Nc3 dxc4 10. a4 e5 11.
Rfd1 exd4 12. Nxd4 Qc7 13. Bg5 h6 14. Bxf6 Nxf6 15. Ndb5 cxb5 16. Nxb5 Qc5 17. Nxd6 Be6 18. Nxb7 Qh5 19. Nd6 Rab8 20. Rd4 Qc5 21. Rad1 Rb4 22. Nb5 Bf5 23. e4 Bg4 24. R1d2 Be6 25. h3 g6 26. Rd8 Rxd8 27. Rxd8+ Kg7 28. Nd4 Bd7 29. Qc3 Rxa4 30. Rxd7 Ra1+ 31. Kh2 Qe5 32. Nf5+ 1-0

[Event "*** Titled Tuesday Blitz"]
[Site "Chess.com"]
[Date "2019.05.07"]
[Round "9"]
[White "XiaoKangZhong"]
[Black "el-reptiliano"]
[Result "0-1"]
[WhiteElo "2239"]
[BlackElo "2192"]
[TimeControl "180+2"]
[EndTime "15:05:09 PDT"]
[Termination "el-reptiliano won by resignation"]

1. e4 c5 2. Nf3 e6 3. c3 Nf6 4.
Bd3 d6 5. O-O Nc6 6. Bc2 Be7 7. d4 cxd4 8. cxd4 e5 9. d5 Nb8 10. Nbd2 O-O 11. Nc4 b5 12. Ne3 a5 13.
a4 b4 14. Nc4 Nbd7 15. Be3 Ba6 16. b3 Bxc4 17. bxc4 Qc8 18. Nd2 Bd8 19. Qe2 Bb6 20.
f3 Bxe3+ 21. Qxe3 Qc5 22. Kf2 Rfc8 23. Bd3 Qxe3+ 24. Kxe3 Nc5 25. Rfb1 Nfd7 26. g3 Nb6 27. Bc2 Rc7 28. f4 f6 29. fxe5 fxe5 30. Rf1 Nbd7 31.
Nb3 Nxb3 32. Bxb3 Nc5 33. Rab1 Rf7 34. Rxf7 Kxf7 35. Rb2 Ke7 36. Rb1 Rf8 37. Rb2 Kd7 38. Rb1 Kc7 39. Bc2 Kb6 40. Bd1 Nd7 41. Bg4 Nc5 42.
Bh3 Nxa4 43. Bd7 Nc5 44. Bb5 b3 45. Ra1 Ra8 46. Rf1 a4 47. Rf7 b2 48. Rf1 a3 49. Kd2 a2 50. Kc2 a1=Q 51. Rb1 Qxb1+ 52. Kxb1 Nd3 53. Kc2 Ra1 0-1

[Event "*** Titled Tuesday Blitz"]
[Site "Chess.com"]
[Date "2019.05.07"]
[Round "9"]
[White "GMJimKnopf"]
[Black "The_Chess_Coach"]
[Result "1-0"]
[WhiteElo "2375"]
[BlackElo "2182"]
[TimeControl "180+2"]
[EndTime "15:05:16 PDT"]
[Termination "GMJimKnopf won by resignation"]

1. e4 e6 2. d4 d5 3. exd5 exd5 4. Nf3 Bg4 5. Qe2+ Qe7 6. Be3 c6 7. Nc3 Nf6 8. O-O-O Nbd7 9. h3 Bh5 10. g4 Bg6 11.
Bg2 h5 12. g5 Ne4 13. h4 O-O-O 14. Bh3 Nxc3 15. bxc3 Qa3+ 16. Kd2 Bd6 17. Ra1 Kc7 18. Rhb1 Nb6 19. Rb3 Qa5 20. Rab1 Rhe8 21. Ne5 Rxe5 22.
dxe5 Bxe5 23. Bxb6+ Kd6 24. Bxa5 Bf4+ 25. Kd1 b5 26.
Bb4+ c5 27. Bxc5+ 1-0

[Event "*** Titled Tuesday Blitz"]
[Site "Chess.com"]
[Date "2019.05.07"]
[Round "9"]
[White "Vincent_Vega95"]
[Black "adriangschnitzer"]
[Result "1/2-1/2"]
[WhiteElo "2666"]
[BlackElo "2445"]
[TimeControl "180+2"]
[EndTime "15:05:21 PDT"]
[Termination "Game drawn by agreement"]

1. d4 Nf6 2. c4 c5 3. d5 b5 4.
cxb5 a6 5. bxa6 g6 6. Nc3 Bg7 7. e4 O-O 8. Nf3 Qa5 9. a7 Nxe4 10. axb8=Q Rxb8 11. Qc2 Nxc3 12. Bd2 Qa4 13. b3 Qe4+ 14. Qxe4 Nxe4 15. Rc1 d6 16. Bc4 Nxd2 17. Nxd2 Bh6 18.
Rc2 Bf5 19. Rc1 e6 20. dxe6 Rfe8 21. O-O fxe6 22. Rcd1 d5 23. Be2 e5 24. g4 Be6 25. a4 Bxd2 26. Rxd2 Rxb3 27. Re1 Ra3 28. Bb5 Rd8 29. Rxe5 Bxg4 30. Rexd5 Rxd5 31. Rxd5 Bf3 32. Rd8+ Kg7 33. h4 Kh6 34. Rd7 c4 35. Bxc4 Rxa4 36.
Bg8 Rxh4 37. Rxh7+ Kg5 38. Rxh4 Kxh4 1/2-1/2

[Event "*** Titled Tuesday Blitz"]
[Site "Chess.com"]
[Date "2019.05.07"]
[Round "9"]
[White "stepanosinovsky"]
[Black "EfrenRamos1"]
[Result "1-0"]
[WhiteElo "2418"]
[BlackElo "2338"]
[TimeControl "180+2"]
[EndTime "15:05:28 PDT"]
[Termination "stepanosinovsky won by resignation"]

1. Nf3 Nf6 2. g3 g6 3. Bg2 Bg7 4. O-O O-O 5. d3 d5 6. Nbd2 c6 7. e4 a5 8. Re1 Na6 9. e5 Ne8 10. h4 Bg4 11. Nf1 Nc5 12. N1h2 Bc8 13. h5 a4 14. a3 Ne6 15. Bd2 d4 16. Qc1 N8c7 17.
Bh6 Nd5 18. Re4 f5 19. Rh4 Qe8 20. Qd2 f4 21. hxg6 hxg6 22. Ng4 Rf5 23. c4 dxc3 24.
bxc3 Qf8 25. c4 Ndc7 26. d4 fxg3 27. Bxg7 gxf2+ 28. Kxf2 Kxg7 29. Rah1 Ng5 30. Qxg5 Rxg5 31. Rh7+ Kg8 32. Rh8+ Kf7 33. Nxg5+ Ke8+ 34. Rxf8+ Kxf8 35. Rh8+ Kg7 36. Rh7+ Kf8 37. Nh6 Ne6 38. Nxe6+ Bxe6 39. Rh8+ 1-0

[Event "*** Titled Tuesday Blitz"]
[Site "Chess.com"]
[Date "2019.05.07"]
[Round "9"]
[White "LonesomeGeorge1"]
[Black "ENEASZ"]
[Result "0-1"]
[WhiteElo "2364"]
[BlackElo "2504"]
[TimeControl "180+2"]
[EndTime "15:05:28 PDT"]
[Termination "ENEASZ won by resignation"]

1. e4 d6 2. d4 Nf6 3. Nc3 e5 4. Nf3 Nbd7 5. Bc4 Be7 6. a4 O-O 7. a5 c6 8. O-O Rb8 9. Qe2 b5 10. axb6 axb6 11. d5 cxd5 12. exd5 Ne8 13. Ne1 f5 14. f4 Nef6 15. Nd3 b5 16. Nxb5 Rxb5 17. Bxb5 Qb6+ 18. Kh1 Qxb5 19. fxe5 dxe5 20. Re1 e4 21. Nf4 Qxe2 22. Rxe2 Bd6 23. c4 Ne5 24. b3 g5 25.
Ne6 Bxe6 26. dxe6 f4 27. Ra6 Be7 28. Bb2 Nd3 29. Bc3 f3 30. gxf3 exf3 31. Rea2 Ne4 32. Bd4 f2 33. Bxf2 Nexf2+ 34. Kg2 Nb4 35. Ra7 Bc5 36. Rc7 Bd6 37. Rd7 Nxa2 38. Rxd6 Ne4 39. Ra6 Nb4 40. Rb6 Nd3 41. e7 Re8 42. Re6 Nf4+ 43.
Kf3 Nxe6 44. Kxe4 0-1

[Event "*** Titled Tuesday Blitz"]
[Site "Chess.com"]
[Date "2019.05.07"]
[Round "9"]
[White "vladimirdamjanovic"]
[Black "HouseOfDurin"]
[Result "1-0"]
[WhiteElo "2546"]
[BlackElo "1980"]
[TimeControl "180+2"]
[EndTime "15:05:35 PDT"]
[Termination "vladimirdamjanovic won by resignation"]

1. d4 Nf6 2. Nf3 c5 3. d5 b5 4. a4 b4 5. Bg5 Ne4 6. Nbd2 Nxg5 7. Nxg5 e6 8. Ndf3 Bb7 9. e4 Be7 10. h4 h6 11. Nh3 Bxh4 12. Bc4 O-O 13. Qd3 exd5 14.
Bxd5 Nc6 15. Nf4 Bg5 16. g3 Bxf4 17. gxf4 Qf6 18. O-O-O Qxf4+ 19. Kb1 Rab8 20. Rh4 Qf6 21. Rg1 Ne7 22. Rhg4 Ng6 23. Rxg6 Qf4 24. Rxg7+ Kh8 25. e5 f5 26. exf6 1-0

[Event "*** Titled Tuesday Blitz"]
[Site "Chess.com"]
[Date "2019.05.07"]
[Round "9"]
[White "TheGandhiOfChess"]
[Black "PaulfromSPb"]
[Result "0-1"]
[WhiteElo "2361"]
[BlackElo "2661"]
[TimeControl "180+2"]
[EndTime "15:05:39 PDT"]
[Termination "PaulfromSPb won by resignation"]

1. Nf3 a5 2. d4 h5 3. e4 a4 4. Bc4 e6 5. Qe2 h4 6. h3 Ra5 7. a3 Nf6 8. Bg5 Be7 9. Bxh4 b5 10. Bd3 b4 11. axb4 Bxb4+ 12. c3 Be7 13. Na3 Ba6 14.
Bxa6 Nxa6 15. Nc4 Rah5 16. Bxf6 Bxf6 17. Rxa4 Nb8 18. Ra8 O-O 19. O-O Rh8 20. Nfe5 Bxe5 21. Nxe5 Qe7 22. Rfa1 g6 23. R1a7 d6 24. Rxb8 Rxb8 25.
Nc6 Qe8 26. Nxb8 Qxb8 27. Ra1 Kg7 28. b4 Qb7 29. f3 Qc6 30. Ra3 Qb6 31. Qa6 Qb8 32. Ra5 Qd8 33. Qe2 Qh4 34. Qf2 Qf4 35. Ra1 Rb8 36. g3 Qg5 37. h4 Qf6 38. Kg2 Rh8 39.
f4 Qd8 40. d5 exd5 41. Qd4+ Kh7 42. Qxd5 Qe7 43. Ra7 Re8 44. Kf3 Kg7 45. e5 Kh6 46. b5 dxe5 47. Qxe5 Qd7 48. Qg5+ Kh7 49. Ra2 Qh3 50.
Qf6 Qh1+ 51. Rg2 Qd1+ 52. Kf2 Re2+ 53. Kf3 Re6+ 54. Kf2 Rxf6 55. Rh2 Re6 0-1

[Event "*** Titled Tuesday Blitz"]
[Site "Chess.com"]
[Date "2019.05.07"]
[Round "9"]
[White "Komissarov_alex"]
[Black "Caisachess"]
[Result "0-1"]
[WhiteElo "2098"]
[BlackElo "2334"]
[TimeControl "180+2"]
[EndTime "15:05:46 PDT"]
[Termination "Caisachess won on time"]

1. d4 Nf6 2. Nf3 e6 3. e3 d5 4. Nbd2 c5 5. c3 Bd6 6. Bd3 O-O 7. O-O b6 8. e4 Be7 9. e5 Ne8 10. Qe2 a5 11. Re1 Ba6 12. Nf1 Bxd3 13. Qxd3 c4 14. Qe3 b5 15. Qf4 Nc6 16. h4 b4 17.
Ng3 f5 18. Ng5 Nc7 19. Nh5 Qe8 20. Qf3 h6 21. Nh3 Bxh4 22. N3f4 Bg5 23. Qh3 a4 24. Re3 a3 25. bxa3 bxc3 26. Rg3 Nxd4 27. Nxg7 Kxg7 28. Nh5+ Kf7 29. Bxg5 Ne2+ 30. Kh2 Nxg3 31. Nf6 Qc6 0-1

[Event "*** Titled Tuesday Blitz"]
[Site "Chess.com"]
[Date "2019.05.07"]
[Round "9"]
[White "quesfr"]
[Black "Denis_Palkovich"]
[Result "1-0"]
[WhiteElo "2172"]
[BlackElo "2232"]
[TimeControl "180+2"]
[EndTime "15:05:55 PDT"]
[Termination "quesfr won by checkmate"]

1. e4 c6 2. d4 d5 3. e5 c5 4.
dxc5 e6 5. a3 Bxc5 6. b4 Bb6 7.
Qg4 Kf8 8. Nf3 Ne7 9. Bd3 Qc7 10. O-O Ng6 11. Re1 Nc6 12. Bb2 Bd7 13. h4 h5 14. Qg3 Nce7 15. Ng5 a6 16. Qf3 Nf5 17.
Bxf5 exf5 18. Qxd5 Bc6 19. Qc4 Rd8 20. e6 Bd5 21. Qxc7 Bxc7 22. Nxf7 Bxe6 23. Nxd8 Bd5 24. Ne6+ Bxe6 25. Rxe6 Kf7 26. Re1 Rd8 27. Bc3 Nxh4 28. Nd2 f4 29. Nf3 Nf5 30. Rad1 Rc8 31. Rd7+ Kg6 32.
Re6+ Kh7 33. Ng5+ Kg8 34. Rxc7 Rxc7 35. Re8# 1-0

[Event "*** Titled Tuesday Blitz"]
[Site "Chess.com"]
[Date "2019.05.07"]
[Round "9"]
[White "Tash_Boy"]
[Black "Alopekos"]
[Result "1-0"]
[WhiteElo "2646"]
[BlackElo "2593"]
[TimeControl "180+2"]
[EndTime "15:05:56 PDT"]
[Termination "Tash_Boy won by checkmate"]

1. e4 e5 2. Nf3 Nc6 3. Bb5 a6 4.
Ba4 Nf6 5. d4 exd4 6. O-O Nxe4 7. Re1 d5 8. Nxd4 Bd6 9. Nxc6 Bxh2+ 10. Kf1 Qh4 11. Qf3 bxc6 12. Bxc6+ Bd7 13. Bxd7+ Kxd7 14. Nc3 Nf6 15. g3 Qh3+ 16. Qg2 Qh5 17. Bf4 Rhe8 18. Rad1 c6 19. f3 g5 20. g4 Bxf4 21. gxh5 Nxh5 22. Qg4+ Kd6 23. Qxh5 f6 24. Qxh7 Rh8 25. Qe7# 1-0

[Event "*** Titled Tuesday Blitz"]
[Site "Chess.com"]
[Date "2019.05.07"]
[Round "9"]
[White "monalize"]
[Black "Jbd735"]
[Result "1-0"]
[WhiteElo "2352"]
[BlackElo "2445"]
[TimeControl "180+2"]
[EndTime "15:06:04 PDT"]
[Termination "monalize won on time"]

1. e4 e5 2. Nf3 Nc6 3. Bb5 a6 4. Bxc6 dxc6 5. O-O f6 6. d4 exd4 7. Nxd4 c5 8. Ne2 Qxd1 9. Rxd1 Bd7 10. Bf4 O-O-O 11.
Nbc3 Ne7 12. f3 b6 13. Rd2 Be6 14. Rad1 Rxd2 15. Rxd2 g6 16. Kf2 Bg7 17. Be3 Rd8 18. Nf4 Rxd2+ 19. Bxd2 Bf7 20. h4 Kd7 21. b3 f5 22.
Nfe2 fxe4 23. Nxe4 Nf5 24. g4 Nd4 25. c3 Nxe2 26.
Kxe2 a5 27. c4 a4 28. Kd3 axb3 29. axb3 h6 30. Bc3 Bf8 31. Be5 Kc6 32. Bf6 Kd7 33. Be5 Kc6 34. Nc3 Be7 35. Bg3 Bd6 36. Bf2 g5 37.
hxg5 hxg5 38. Be3 Bg6+ 39. Ne4 Be7 40. Kd2 Bxe4 41. fxe4 Kd6 42. Kd3 Ke6 43. Bf2 Bd6 44. Ke3 Bf4+ 45. Kf3 Ke5 46. Be3 Bh2 47. Bxg5 Kd4 48.
Bf4 1-0

[Event "*** Titled Tuesday Blitz"]
[Site "Chess.com"]
[Date "2019.05.07"]
[Round "9"]
[White "Koksal06"]
[Black "Micki-taryan"]
[Result "0-1"]
[WhiteElo "2496"]
[BlackElo "3016"]
[TimeControl "180+2"]
[EndTime "15:06:15 PDT"]
[Termination "Micki-taryan won by resignation"]

1. d4 Nf6 2. c4 g6 3. Nc3 Bg7 4. e4 O-O 5. Nf3 d6 6. Be2 Nc6 7. O-O e5 8. Be3 Ng4 9. Bg5 f6 10. Bc1 Nh6 11. dxe5 dxe5 12. h3 Nf7 13. Be3 Be6 14.
c5 a5 15. Qa4 f5 16. Rad1 Qf6 17.
Nd5 Bxd5 18. exd5 Ne7 19. d6 Nc6 20. dxc7 Qe7 21. Bc4 Kh8 22. Qb5 Qxc7 23. Bxf7 Qxf7 24. Rd6 f4 25. Bc1 e4 26. Ng5 Qf5 27. Ne6 Rf7 28.
Bxf4 Re7 29. Nxg7 Qxf4 30. Ne6 Qe5 31. Qc4 Rae8 32. Nd4 Nb4 33. a3 Nd3 34. Qd5 Nxc5 35. Rc1 Qxd5 36. Rxd5 Nd3 37. Rc2 e3 38. fxe3 Rxe3 39.
Nf3 a4 40. Rd7 R8e7 41. Rcc7 Rxd7 42. Rxd7 Nf4 43. Ng5 Re2 44. Rxh7+ Kg8 45. Rh4 Rxg2+ 46. Kf1 Rxg5 47. Rxf4 b5 48. Rg4 Rxg4 49. hxg4 Kg7 50. Kf2 Kf6 51. Ke3 Ke5 52. Kf3 Kd4 53. Kf4 Kc4 54. Kg5 Kb3 55. Kxg6 Kxb2 56. Kh6 b4 57. g5 bxa3 58. g6 a2 59. g7 a1=Q 60. g8=R Qh1+ 61.
Kg6 Qg1+ 62. Kf7 Qxg8+ 0-1

[Event "*** Titled Tuesday Blitz"]
[Site "Chess.com"]
[Date "2019.05.07"]
[Round "9"]
[White "mikhaillushenkov"]
[Black "PotapovaM"]
[Result "1-0"]
[WhiteElo "2744"]
[BlackElo "2471"]
[TimeControl "180+2"]
[EndTime "15:06:17 PDT"]
[Termination "mikhaillushenkov won by resignation"]

1. Nf3 Nf6 2. c4 g6 3. b3 Bg7 4. Bb2 O-O 5. g3 b6 6. Bg2 Bb7 7. O-O c5 8. Nc3 d5 9. Nxd5 Nxd5 10. Bxg7 Kxg7 11. cxd5 Bxd5 12. d4 Nd7 13. Rc1 Rc8 14.
dxc5 Rxc5 15. Qd4+ Nf6 16. Rxc5 bxc5 17. Qxc5 Qb6 18. Rc1 e6 19. Qxb6 axb6 20. Ne5 Ra8 21. Rc2 Bxg2 22. Kxg2 Nd5 23. Nd3 Rd8 24. a4 f5 25. Kf3 Kf6 26. Rc6 g5 27. Kg2 h5 28.
f4 gxf4 29. gxf4 Rg8+ 30. Kf2 h4 31. e3 h3 32. Ne1 Rg7 33. Rc8 Rh7 34. Nf3 Nb4 35.
Ng5 Rd7 36. Nxh3 Rd2+ 37. Kg3 Re2 38. Kf3 Rxh2 39. Ng5 Rb2 40. Re8 Rxb3 41. Rxe6+ Kg7 42. Rxb6 Rb2 43. a5 Nd3 44. Rxb2 Nxb2 45. a6 Nc4 46. a7 Nb6 47. Ne6+ Kf6 48. Nc7 Ke7 49. a8=Q 1-0

[Event "*** Titled Tuesday Blitz"]
[Site "Chess.com"]
[Date "2019.05.07"]
[Round "9"]
[White "superstructure"]
[Black "norwaytoadog"]
[Result "1-0"]
[WhiteElo "2339"]
[BlackElo "2244"]
[TimeControl "180+2"]
[EndTime "15:06:18 PDT"]
[Termination "superstructure won on time"]

1. e4 e5 2. Nf3 Nc6 3. Bb5 a6 4. Ba4 Nf6 5. O-O Be7 6. Re1 b5 7. Bb3 d6 8. c3 O-O 9. h3 Bb7 10. d3 h6 11. Nbd2 Re8 12. Nf1 Bf8 13. Ng3 Qd7 14. Nh4 d5 15. Qf3 dxe4 16. dxe4 Na5 17. Bxh6 Nxb3 18. axb3 Nh7 19. Be3 Qe6 20. b4 g6 21. Qe2 Be7 22. Nf3 f5 23. exf5 gxf5 24. Bf4 Bd6 25. Nxe5 Qd5 26. f3 Re6 27. Rad1 Qb3 28.
Qd2 Rae8 29. Nd3 Qc4 30. Rxe6 Rxe6 31. Nxf5 Rg6 32. Bxd6 Bxf3 33. Ne7+ Kf7 34. Nxg6 Bxd1 35. Nge5+ 1-0

[Event "*** Titled Tuesday Blitz"]
[Site "Chess.com"]
[Date "2019.05.07"]
[Round "9"]
[White "kikoveiga"]
[Black "Siemba"]
[Result "1-0"]
[WhiteElo "2271"]
[BlackElo "2057"]
[TimeControl "180+2"]
[EndTime "15:06:19 PDT"]
[Termination "kikoveiga won on time"]

1. e4 c5 2. Nf3 Nc6 3. d4 cxd4 4. Nxd4 Nf6 5. Nc3 e5 6. Ndb5 d6 7. Bg5 a6 8. Na3 b5 9. Nd5 Be7 10. Bxf6 Bxf6 11. c4 b4 12. Nc2 a5 13. g3 O-O 14.
h4 Be6 15. Bh3 Bxd5 16. cxd5 Nd4 17. Nxd4 exd4 18. O-O Re8 19. Qd3 Qe7 20. Rfe1 g6 21. Rac1 Bg7 22. Rc2 f5 23. Rce2 f4 24. Be6+ Kh8 25.
gxf4 Qxh4 26. Qg3 Qf6 27. e5 Qf8 28. Re4 d3 29. Qxd3 Rad8 30. Qh3 a4 31. f5 Bxe5 32. fxg6 Re7 33. Rh4 Qg7 34. Rxh7+ Qxh7 35. gxh7 Rf8 36.
Rxe5 dxe5 37. Qe3 Rg7+ 38. Kf1 b3 39. axb3 axb3 40. Qxe5 Kxh7 41. d6 Rg6 42. Bf5 1-0

[Event "*** Titled Tuesday Blitz"]
[Site "Chess.com"]
[Date "2019.05.07"]
[Round "9"]
[White "spicycaterpillar"]
[Black "Alexander_Moskalenko"]
[Result "0-1"]
[WhiteElo "2825"]
[BlackElo "2873"]
[TimeControl "180+2"]
[EndTime "15:06:21 PDT"]
[Termination "Alexander_Moskalenko won on time"]

1. e4 e5 2. Nf3 Nc6 3. Bb5 Nf6 4.
d3 Bc5 5. c3 O-O 6. O-O d6 7.
Nbd2 a6 8. Bxc6 bxc6 9. d4 exd4 10. cxd4 Bb6 11. Qc2 Re8 12. Re1 Bb7 13. b3 c5 14. d5 c6 15. dxc6 Bxc6 16. Bb2 Qe7 17. Qc3 Bc7 18. Rad1 Qf8 19. Qc2 a5 20. Bxf6 gxf6 21. Nf1 a4 22. b4 Bb6 23. Ng3 Rac8 24.
bxc5 Bxc5 25. Qd2 Qg7 26. Qf4 Qg6 27. Nd4 Qg5 28. Qf3 Bxd4 29. Rxd4 d5 30. Qe3 dxe4 31. h3 h6 32. a3 Re6 33. Red1 Rce8 34. Rd6 Rxd6 35. Rxd6 Re6 0-1

[Event "*** Titled Tuesday Blitz"]
[Site "Chess.com"]
[Date "2019.05.07"]
[Round "9"]
[White "MateusViageiro"]
[Black "nitpicker"]
[Result "1/2-1/2"]
[WhiteElo "2166"]
[BlackElo "2244"]
[TimeControl "180+2"]
[EndTime "15:06:21 PDT"]
[Termination "Game drawn by agreement"]

1. e4 e5 2. Nf3 Nc6 3. Bb5 a6 4. Ba4 Nf6 5. d3 b5 6. Bb3 Bd6 7.
O-O h6 8. c3 Bb7 9. Re1 O-O 10.
d4 Re8 11. a3 Bf8 12. Nbd2 d5 13. exd5 Nxd5 14. Nxe5 Nxe5 15. dxe5 Nf4 16. Ne4 Nd3 17.
Re3 Nxc1 18. Rxc1 Qxd1+ 19. Rxd1 Rxe5 20. Rde1 Rae8 21. Bc2 f5 22. Nd2 Rxe3 23. fxe3 Bc5 24. Kf2 f4 25. Nf1 fxe3+ 26. Nxe3 Bxg2 27. Kxg2 Rxe3 28.
Rxe3 Bxe3 29. a4 c5 30. axb5 axb5 31. Bd3 c4 32. Be4 Bc1 33. Bc6 Bxb2 34. Bxb5 Bxc3 35.
Bxc4+ Kf8 36. h4 1/2-1/2

[Event "*** Titled Tuesday Blitz"]
[Site "Chess.com"]
[Date "2019.05.07"]
[Round "9"]
[White "valeriocarnicelli"]
[Black "IIIlllII1llIl"]
[Result "0-1"]
[WhiteElo "2526"]
[BlackElo "2734"]
[TimeControl "180+2"]
[EndTime "15:06:31 PDT"]
[Termination "IIIlllII1llIl won by resignation"]

1. e4 c5 2. Nf3 d6 3. d4 cxd4 4. Nxd4 Nf6 5. Nc3 a6 6. f3 e5 7. Nb3 Be6 8. Be3 Nbd7 9. Qd2 b5 10. O-O-O h5 11. Nd5 Bxd5 12. exd5 Nb6 13. Bxb6 Qxb6 14. Kb1 g6 15. Qa5 Qb7 16. a4 b4 17. Bc4 Bg7 18. f4 Nd7 19. Rhe1 O-O 20. f5 Rfc8 21. Bd3 Bf6 22. Re4 Rcb8 23. fxg6 Bd8 24. gxf7+ Kf8 25. Bxa6 Rxa6 26. Qb5 Qxb5 27. axb5 Rxb5 28. Nd4 exd4 29. Re8+ Kxf7 30. Rxd8 Ke7 31. Rh8 Rxd5 32. Rf1 Re5 33. Rh7+ Ke6 34. b3 Nc5 35. h3 d3 36. cxd3 Kd5 37.
d4 Kxd4 38. Rhf7 Nd3 39. R7f3 Re2 0-1

[Event "*** Titled Tuesday Blitz"]
[Site "Chess.com"]
[Date "2019.05.07"]
[Round "9"]
[White "DrMelekess"]
[Black "Jospem"]
[Result "1-0"]
[WhiteElo "2787"]
[BlackElo "2884"]
[TimeControl "180+2"]
[EndTime "15:06:32 PDT"]
[Termination "DrMelekess won on time"]

1. d4 Nf6 2. Nf3 e6 3. c4 Bb4+ 4. Bd2 Qe7 5. e3 b6 6. Be2 Bb7 7. O-O O-O 8. Nc3 d6 9. Rc1 Nbd7 10.
Nb5 Bxd2 11. Nxd2 a6 12. Nc3 c5 13. Bf3 cxd4 14. exd4 Bxf3 15. Nxf3 Qd8 16. Qd2 Rc8 17.
b3 Re8 18. Rfe1 Nf8 19. h3 Ng6 20. d5 e5 21. g3 h6 22. Kg2 Rc7 23. Nd1 Qc8 24.
Ne3 Rf8 25. b4 Ne7 26. Rc2 Ne4 27. Qd3 Nf6 28. Qd2 Nd7 29. Rec1 f5 30. c5 bxc5 31.
bxc5 1-0

[Event "*** Titled Tuesday Blitz"]
[Site "Chess.com"]
[Date "2019.05.07"]
[Round "9"]
[White "Heineccius"]
[Black "pedro_gines"]
[Result "0-1"]
[WhiteElo "2460"]
[BlackElo "2372"]
[TimeControl "180+2"]
[EndTime "15:06:32 PDT"]
[Termination "pedro_gines won by resignation"]

1. d4 d5 2. c4 c6 3. Nf3 Nf6 4.
Nc3 dxc4 5. a4 e6 6. e3 c5 7. Bxc4 Nc6 8. O-O cxd4 9. exd4 Be7 10. Re1 O-O 11. Bg5 Nb4 12. Ne5 Nbd5 13. Bd3 Bd7 14. Qf3 h6 15. Bd2 Bc6 16. Qh3 Nb4 17. Nxc6 bxc6 18.
Bb1 Qxd4 19. Be3 Qg4 20. Qxg4 Nxg4 21. Bf4 Bc5 22. Bg3 Rfd8 23. Re4 Nf6 24. Rc4 Bd4 25. Kf1 c5 26. Ke2 Nfd5 27. Nxd5 exd5 28. Rxd4 cxd4 29.
Kd2 Rac8 30. Bf5 Rc6 31. a5 g6 32. Bh3 Rc2+ 33. Kd1 d3 34. Be5 Re8 35. f4 Rf2 36. Ra4 Nc2 37. Bd7 Ne3+ 0-1

[Event "*** Titled Tuesday Blitz"]
[Site "Chess.com"]
[Date "2019.05.07"]
[Round "9"]
[White "JonahWillow"]
[Black "eldur16"]
[Result "1-0"]
[WhiteElo "2724"]
[BlackElo "2561"]
[TimeControl "180+2"]
[EndTime "15:06:38 PDT"]
[Termination "JonahWillow won by resignation"]

1. e4 g6 2. d4 Bg7 3. Nc3 d6 4. f4 a6 5. Nf3 b5 6. Bd3 Nd7 7. O-O c5 8. d5 Bb7 9. a4 c4 10.
Be2 b4 11. Nb1 Ngf6 12. e5 Nxd5 13. Bxc4 N7b6 14. Bb3 a5 15. Qe2 O-O 16. c4 bxc3 17.
Nxc3 Nxc3 18. bxc3 Ba6 19. c4 d5 20. Rd1 Bxc4 21. Bxc4 Nxc4 22. Be3 e6 23. Bc5 Re8 24. Rab1 Qc7 25. Bf2 Rab8 26. Nd4 Bf8 27. Nb5 Qc6 28. Rbc1 Bc5 29. Kh1 Bxf2 30. Qxf2 Qb6 31. Qh4 Rec8 32. h3 Qe3 33. Qf6 Nb2 34. Nd6 Rf8 35. Rc7 Nxd1 36. Nxf7 Nf2+ 37. Kh2 1-0